 Dungeon Crawl Stone Soup version 0.20.2-3-g29329e0561 (webtiles) character file.

85 Alfie the Shield-Bearer (level 4, 0/40 HPs)
             Began as a Hill Orc Fighter on Oct 19, 2023.
             Succumbed to an adder's poison
             ... on level 2 of the Dungeon.
             The game lasted 00:03:52 (1303 turns).

Alfie the Shield-Bearer (Hill Orc Fighter)          Turns: 1303, Time: 00:03:53

Health: 0/40       AC:  6    Str: 19    XL:     4   Next: 48%
Magic:  4/4        EV: 12    Int:  8    God:
Gold:   65         SH: 10    Dex: 15    Spells: 3/3 levels left

rFire    . . .     SeeInvis .   a - +0 rapier
rCold    . . .     Gourm    .   c - +0 shield
rNeg     . . .     Faith    .   b - +0 scale mail
rPois    .         Spirit   .   (no helmet)
rElec    .         Reflect  .   (no cloak)
rCorr    .         Harm     .   (no gloves)
MR       .....                  (no boots)
Stlth    +.........             (no amulet)
Regen    0.2/turn               (no ring)
MPRegen  0.1/turn               (no ring)

@: agile, lethally poisoned (0 -> -1), hasted, very quick
A: no striking features
a: no special abilities


You were on level 2 of the Dungeon.
You were not hungry.

You visited 1 branch of the dungeon, and saw 3 of its levels.

You collected 65 gold pieces.

Inventory:

Hand Weapons
 a - a +0 rapier (weapon)
Armour
 b - a +0 scale mail (worn)
 c - a +0 shield (worn)
Scrolls
 e - a scroll of blinking {unknown}
 g - 2 scrolls of teleportation {unknown}
 h - a scroll of enchant armour {unknown}
 i - a scroll of immolation {unknown}
 j - a scroll of recharging {unknown}
 k - 2 scrolls of remove curse {unknown}
 l - 3 scrolls of fear {unknown}
 m - 2 scrolls of identify {unknown}
Potions
 d - a potion of might
 o - a potion of haste
Comestibles
 f - a bread ration


   Skills:
 + Level 4.1 Fighting
 + Level 2.7 Short Blades
 + Level 3.6 Armour
 + Level 0.2 Dodging
 + Level 4.4 Shields


You had 3 spell levels left.
You didn't know any spells.

Dungeon Overview and Level Annotations

Branches:
Dungeon (3/15)

Altars:
Makhleb
Nemelex Xobeh


Message History

It was a potion of agility.
You feel agile all of a sudden. The adder barely misses you.
You hit the adder.
The adder is heavily wounded.
You block the adder's attack.
You miss the adder.
The adder is heavily wounded.
The adder bites you.
* * * LOW HITPOINT WARNING * * *
You barely miss the adder.
The adder is heavily wounded.
The adder bites you but does no damage.
Your shield prevents you from hitting the adder.
The adder is heavily wounded.
* * * LOW HITPOINT WARNING * * *
You feel sick. You block the adder's attack.
You puncture the adder!
You kill the adder!
You die...

#.........#.#.##..##.# #
#.##...#..........##.# #
#.###.##..#.##.##.##.# #
#.# #.##..#.##.##.##.# #
#.# #................# #
#.######..####.####### #
#.##............#### #
#.##..##..#........# #
#.##..##@.#.###.##.######
#.....##>.#.###.#.......#
#.###.##............._...
#..##.###.#.###........##
##.##.##....# #..##...###
#.##.##....###..###### #
#.##........##..## #
#.##.............## #
#.###.......#.....######


There were no monsters in sight!

Vanquished Creatures
  2 adders
  An ooze (D:2)
  2 dart slugs
  2 leopard geckos
  An orc (D:3)
  2 ball pythons
  4 giant cockroaches
  5 hobgoblins
  6 jackals
  8 bats
  4 frilled lizards
  6 goblins
  4 kobolds
  8 rats
55 creatures vanquished.

Notes
Turn   | Place    | Note
-------+----------+-------------------------------------------
     0 | D:1      | Alfie the Hill Orc Fighter began the quest for the Orb.
     0 | D:1      | Reached XP level 1. HP: 19/19 MP: 1/1
    80 | D:1      | Reached XP level 2. HP: 11/27 MP: 2/2
   327 | D:1      | Reached XP level 3. HP: 25/33 MP: 3/3
   565 | D:2      | Found a sparkling altar of Nemelex Xobeh.
   592 | D:2      | Found a burning altar of Makhleb.
  1109 | D:3      | Reached XP level 4. HP: 32/40 MP: 4/4
  1254 | D:3      | HP: 1/40 [orc priest/nerve-wracking pain (14)]
  1296 | D:2      | HP: 2/40 [adder (1)]
  1303 | D:2      | Succumbed to an adder's poison

Skill      XL: |  1  2  3 |
---------------+----------+-----
Shields        | 4 |  4.4
Fighting       | 4 |  4.1
Short Blades   | |  2.7
Armour         | |  3.6
Dodging        | |  0.2

Action                   |  1- 3 |  4- 6 || total
-------------------------+-------+-------++-------
Melee: Rapier            |   153 |    51 ||   204
  Use: Potion            |       |     2 ||     2
  Eat: Fruit             |     1 |       ||     1
       Bread ration      |       |     1 ||     1
Armor: Scale mail        |    78 |    27 ||   105
Dodge: Dodged            |    51 |    19 ||    70
Block: Shield            |    84 |    33 ||   117
